 Dungeon Crawl Stone Soup version 0.26.1-2-gb8aa6d0cf2 (webtiles) character file.

Game seed: 11075053459777163419

11 Descartes the Sneak (level 2, 0/16 HPs)
             Began as a Deep Elf Wanderer on Mar 13, 2021.
             Slain by a kobold (2 damage)
             ... on level 1 of the Dungeon.
             The game lasted 00:01:34 (414 turns).

Descartes the Sneak (Deep Elf Wanderer)              Turns: 414, Time: 00:01:35

Health: 0/16       AC:  2    Str: 10    XL:     2   Next: 13%
Magic:  6/6        EV: 12    Int: 17    God:
Gold:   49         SH:  0    Dex: 12    Spells: 3/4 levels left

rFire    . . .     SeeInvis .   a - +0 dagger
rCold    . . .     Faith    .   (no shield)
rNeg     . . .     Spirit   .   d - +0 robe
rPois    .         Reflect  .   (no helmet)
rElec    .         Harm     .   (no cloak)
rCorr    .         Rampage  .   (no gloves)
Will     .....                  (no boots)
Stlth    ++........             (no amulet)
HPRegen  0.05/turn              (no ring)
MPRegen  0.10/turn              (no ring)

@: no status effects
A: no striking features
a: no special abilities


You were on level 1 of the Dungeon.
You visited 1 branch of the dungeon, and saw 1 of its levels.

You collected 49 gold pieces.

Inventory:

Hand Weapons
 a - a +0 dagger (weapon)
 b - a +0 hunting sling
Missiles
 f - 23 bolts
Armour
 d - a +0 robe (worn)
Potions
 c - a potion of curing
 e - a potion of degeneration {unknown}


   Skills:
 - Level 1.5 Fighting
 - Level 1.2 Dodging
 - Level 2.4 Stealth
 - Level 1.5 Spellcasting
 - Level 2.1 Transmutations
 - Level 2.1 Fire Magic
 + Level 2.0 Earth Magic


You had 3 spell levels left.
You knew the following spells:

 Your Spells              Type           Power        Failure   Level
a - Sandblast             Erth           16%          9%          1

Your spell library contained the following spells:

 Spells                   Type           Power        Failure   Level
 Beastly Appendage        Tmut           16%          9%          1
 Passwall                 Tmut/Erth      6%           13%         2
 Ignite Poison            Fire/Tmut/Pois 6%           32%         3
 Stone Arrow              Conj/Erth      8%           36%         3
 Petrify                  Tmut/Erth      8%           63%         4
 Lee's Rapid Deconstruct  Erth           4%           94%         5


Dungeon Overview and Level Annotations

Branches:
Dungeon (1/15)

Altars:


Message History

You hit the hobgoblin but do no damage. The hobgoblin misses you.
You hit the hobgoblin.
The hobgoblin is severely wounded.
The hobgoblin closely misses you.
You hit the hobgoblin.
The hobgoblin is almost dead.
The hobgoblin hits you.
You closely miss the hobgoblin.
The hobgoblin is almost dead.
The rat twitches its whiskers.
The hobgoblin hits you.
* * * LOW HITPOINT WARNING * * *
You hit the hobgoblin.
You kill the hobgoblin!
You barely miss the kobold. The kobold hits you.
* * * LOW HITPOINT WARNING * * *
You hit the kobold.
The kobold is severely wounded.
The kobold hits you.
You die...

###### .....#. ########## .......
.........# ######.....#.
#...#.##.############....#†......
.>..............@KrK'....'†.$..#
..#.###.##..#######.#....#.......
..#.# ##.#.## #.#....#..K..#.
..#.###.#.## #...##.#.......
.##.##.#.## ###.##.####..#.
÷)..###.#.## #.##.. #... ....#
####.## #.####. .#. .#..# ##.##
#.# .# + .#.#### ##.## #.# #


You could see 2 kobolds and a rat.

Vanquished Creatures
  A dart slug (D:1)
  A giant cockroach (D:1)
  2 goblins (D:1)
  3 hobgoblins (D:1)
  A kobold (D:1)
8 creatures vanquished.

Notes
Turn   | Place    | Note
-------+----------+-------------------------------------------
     0 | D:1      | Descartes the Deep Elf Wanderer began the quest for the
                  | Orb.
     0 | D:1      | Descartes set off with the following items: a +0 dagger, a
                  | potion of curing, a +0 robe; and the following spells
                  | available to memorise: Beastly Appendage, Sandblast,
                  | Passwall, Ignite Poison, Stone Arrow, Petrify, Lee's Rapid
                  | Deconstruction
     0 | D:1      | Reached XP level 1. HP: 12/12 MP: 5/5
     2 | D:1      | Learned a level 1 spell: Sandblast
    88 | D:1      | Reached skill level 1 in Earth Magic
   394 | D:1      | Reached XP level 2. HP: 9/16 MP: 6/6
   414 | D:1      | Slain by a kobold

Illustrated notes

Levels and vault maps discovered:
D:1:      nagdon_arrival_zigzag_paths, layout_basic, st_stairs_10

Skill      XL: |  1  2 |
---------------+-------+-----
Earth Magic    | 1 2 |  2.0
Fighting       | |  1.5
Dodging        | |  1.2
Stealth        | |  2.4
Spellcasting   | |  1.5
Transmutations | |  2.1
Fire Magic     | |  2.1

Action                   || total
-------------------------++-------
Melee: Dagger            ||    37
 Stab: Sleeping          ||     2
Armor: Robe              ||    10
Dodge: Dodged            ||    24
